 Dungeon Crawl Stone Soup version 0.21-a0-632-g1e37ce5188 (webtiles) character file.

165280 Principatus the Brawler (level 17, -12/178 HPs)
             Began as a Troll Warper on Dec 27, 2017.
             Was an Elder of Fedhas.
             Killed from afar by a shock serpent (22 damage)
             ... with a bolt of electricity
             ... on level 4 of the Snake Pit.
             The game lasted 03:17:53 (37373 turns).

Principatus the Brawler (Troll Warper)             Turns: 37373, Time: 03:17:54

Health: -12/178    AC: 28    Str: 24    XL:     17   Next: 27%
Magic:  25/25      EV:  3    Int: 11    God:    Fedhas [****..]
Gold:   2997       SH:  9    Dex: 11    Spells: 18/22 levels left

rFire    + + .     SeeInvis .     - Unarmed
rCold    + + .     Gourm    +   P - -1 shield {reflect} (curse)
rNeg     . . .     Faith    +   A - +1 gold dragon scales
rPois    +         Spirit   .   u - +2 hat
rElec    .         Reflect  +   w - scarf {rC+ rF+}
rCorr    .         Harm     .   (gloves unavailable)
MR       +....                  (boots unavailable)
Stlth    ..........             G - amulet of faith
HPRegen  0.79/turn              X - +1 ring of protection
MPRegen  0.19/turn              e - +3 ring of protection

@: very slightly contaminated, hasted, very quick
A: large, unfitting armour, claws 3, fast metabolism 3, gourmand, regeneration
1, shaggy fur 1, tough skin 2
a: Fungal Bloom, Evolution, Sunlight, Growth, Reproduction, Renounce Religion


You were on level 4 of the Snake Pit.
You worshipped Fedhas.
Fedhas was greatly pleased with you.
You were not hungry.

You visited 5 branches of the dungeon, and saw 28 of its levels.
You visited the Abyss 1 time.
You also visited: Bailey and Ice Cave.

You collected 3025 gold pieces.
You spent 28 gold pieces at shops.

Inventory:

Missiles
 q - a throwing net (quivered)
 M - 4 steel javelins
 Y - 8 steel tomahawks
Armour
 u - a +2 hat (worn)
 w - a scarf of resistance (worn)
 x - a -1 shield
 A - +1 gold dragon scales (worn)
 L - a +0 large shield
 P - a cursed -1 shield of reflection (worn)
Jewellery
 e - a +3 ring of protection (right claw)
 v - an uncursed ring of poison resistance {unknown}
 y - an uncursed ring of flight
 z - an uncursed ring of stealth
 D - a cursed amulet of regeneration
 G - an amulet of faith (around neck)
 H - an uncursed ring of magical power
 I - an uncursed ring of see invisible
 N - an uncursed ring of resist corrosion
 X - a +1 ring of protection (left claw)
Wands
 i - a wand of acid (4)
 J - a wand of digging (13)
 K - a wand of flame (19)
 Q - a wand of iceblast (36)
 T - a wand of paralysis (17)
Scrolls
 a - a scroll of noise
 j - 5 scrolls of teleportation
 n - 2 scrolls of amnesia
 o - 3 scrolls of identify
 t - 12 scrolls of remove curse
 F - 5 scrolls of fog
 O - 5 scrolls of fear
 S - a scroll of enchant weapon
 V - a scroll of immolation
 W - 2 scrolls of magic mapping
Potions
 g - 2 potions of magic
 h - 3 potions of haste
 k - a potion of curing
 l - 5 potions of brilliance
 m - 3 potions of cancellation
 p - 8 potions of agility
 r - 2 potions of might
 s - 4 potions of flight
 C - 3 potions of lignification
Books
 b - a book of Spatial Translocations

   Spells                             Type                      Level
   a - Blink                          Translocation                2
   b - Shroud of Golubria             Charms/Translocation         2
   c - Lesser Beckoning               Translocation                3
   d - Gell's Gravitas                Translocation                3
   e - Teleport Other                 Translocation                3
   f - Passage of Golubria            Translocation                4
 R - a book of Alchemy

   Spells                             Type                      Level
   a - Sublimation of Blood           Necromancy                   2
   b - Ignite Poison                  Fire/Transmutation/Poison    3
   c - Petrify                        Transmutation/Earth          4
   d - Alistair's Intoxication        Transmutation/Poison         5
   e - Irradiate                      Conjuration/Transmutation    5
 U - a book of Cantrips

   Spells                             Type                      Level
   a - Confusing Touch                Hexes                        1
   b - Animate Skeleton               Necromancy                   1
   c - Summon Small Mammal            Summoning                    1
   d - Apportation                    Translocation                1
Miscellaneous
 B - a lamp of fire
Comestibles
 f - 6 rations


   Skills:
 + Level 13.3 Fighting
 - Level 0.8 Throwing
 + Level 11.0 Armour
 - Level 2.1 Dodging
 * Level 6.9 Shields
 + Level 17.1 Unarmed Combat
 - Level 3.0 Spellcasting
 - Level 5.0 Translocations
 - Level 12.0 Invocations


You had 18 spell levels left.
You knew the following spells:

 Your Spells              Type           Power        Failure   Level  Hunger
a - Blink                 Tloc           N/A          98%         2    ###....
b - Shroud of Golubria    Chrm/Tloc      #.........   100%        2    ###....


Dungeon Overview and Level Annotations

Branches:
Dungeon (15/15)            Temple (1/1) D:7            Lair (6/6) D:11
 Shoals (0/4) Lair:4        Snake (4/4) Lair:3        Slime (0/5) Lair:5
    Orc (2/2) D:9             Elf (0/3) Orc:2        Vaults (0/5) D:14
 Depths (0/5) D:15

Altars:
Ashenzari
Cheibriados
Dithmenos
Elyvilon
Fedhas
Gozag
Hepliaklqana
Kikubaaqudgha
Makhleb
Nemelex Xobeh
Okawaru
Qazlal
Ru
Sif Muna
Trog
Uskayaw
Vehumet
Wu Jian
Xom
Yredelemnul
Zin
The Shining One
Beogh
Jiyva

Shops:
D:9 %   D:15 (   Orc:2 ([(*=

Portals:
Trove: D:15 (give 14 scrolls of teleportation)

Annotations:
D:6 8fpsbossfight's ghost, novice MiGl
Lair:5 1 runed door


Innate Abilities, Weirdness & Mutations

You are too large for most types of armour.
You have claws for hands.
Your metabolism is lightning-fast.
You like to eat raw meat.
Your natural rate of healing is unusually fast.
You are covered in fur. (AC +1)
You have very tough skin. (AC +2)


Message History

The bolt of electricity hits the shock serpent.
The shock serpent completely resists.
You feel much better. The shock serpent bites you.
The shock serpent shocks you! You block the shock serpent's attack.
You feel yourself speed up.
The shock serpent shoots out a bolt of lightning at you!
The bolt of electricity hits you!
* * * LOW HITPOINT WARNING * * *
The bolt of electricity hits you!
* * * LOW HITPOINT WARNING * * *
The bolt of electricity hits the shock serpent.
The shock serpent completely resists.
Blink to where?
Press: ? - help, Dir - move target cursor You are very lightly contaminated with residual magic.
As you read the scroll of blinking, it crumbles to dust.
The shock serpent shoots out a bolt of lightning at you!
The bolt of electricity hits you!
You die...
Fedhas appreciates your contribution to the ecosystem.

###'#≈≈≈≈≈≈#)####.(.....(....#
......§§§§≈≈((S§#............#
.......§≈.≈≈((..#.....#......#
......§§≈≈≈≈....#............#
.)....≈§≈≈≈≈....#............#
....§≈≈§≈§≈≈..).#......#######
.)≈≈≈≈≈≈≈≈§≈≈≈..##.....#
§.§≈≈≈§§≈≈≈≈≈≈..)##....##
§§≈≈########≈≈≈.@.##....##
§§###......###≈≈§.(####..#
≈##..N...S...##≈≈≈.(####.#
##.....§..NN..##≈≈§§.###.##
#SN..######N.NS##≈§≈..##..#
...# . ##§§≈..##.# (.#
##≈§§§.#.## .## #≈≈§§.#..# .#
#####'##.#


You could see a shock serpent.

Vanquished Creatures
  Gastronok (Lair:3)
  Donald (Snake:3)
  Kirke (Snake:3)
  The ghost of 8fpsbossfight the Crack Shot, an adept CeHu of Okawaru (Snake:3)
  2 nagarajas
  Aizul (Snake:3)
  3 orc warlords
  The ghost of Geomchi the Martial Artist, a journeyman OpTm of Cheibriados (Orc:2)
  Azrael (D:15)
  An eidolon (Abyss:2)
  Josephine (Lair:4)
  An ettin (Orc:1)
  Harold (Lair:2)
  8 naga warriors
  7 hydras
  4 centaur warriors
  A catoblepas (Lair:6)
  Erica (Orc:1)
  A death knight (D:11)
  8 two-headed ogres
  9 anacondas
  8 death yaks
  An ogre mage (D:11)
  A deep troll shaman (Lair:6)
  2 thrashing horrors (Abyss:2)
  5 shock serpents
  7 naga sharpshooters
  The ghost of NixNut the Grappler, a novice TrMo of Uskayaw (D:8)
  3 orc high priests (Orc:2)
  A salamander mystic (Snake:4)
  A sixfirhy (Abyss:2)
  Nergalle (D:10)
  A skeletal warrior (D:11)
  A phantasmal warrior (D:11)
  A wizard (D:13)
  A lindwurm (Snake:4)
  8 orc knights
  4 naga ritualists
  A necromancer (IceCv)
  6 ugly things (D:14)
  4 deep elf magi
  A wolf spider zombie (D:15)
  8 orc sorcerers
  10 mana vipers
  4 manticores
  5 salamanders (Snake:4)
  5 cyclopes
  7 elephants
  5 guardian serpents (Snake:4)
  20 black mambas
  The ghost of Cheet4h the Skirmisher, a novice DrBe of Trog (D:4)
  15 naga magi
  8 spiny frogs
  A smoke demon (Abyss:2)
  A torpor snail (Lair:4)
  An ice statue (IceCv)
  2 rime drakes (Lair:3)
  11 freezing wraiths
  3 ancient zymes (Abyss:2)
  10 komodo dragons
  3 yaktaurs (D:15)
  4 wandering mushrooms
  A wind drake (shapeshifter) (D:15)
  2 polar bears
  A hornet (shapeshifter) (D:13)
  3 trolls
  Grinder (D:6)
  4 slime creatures (D:12)
  A raiju (Abyss:2)
  A hornet (D:12)
  18 blink frogs
  6 dream sheep (Lair:5)
  6 hippogriffs
  5 wyverns
  3 vampires
  4 wraiths (Lair:4)
  5 basilisks
  3 fire elementals (D:15)
  14 humans (D:14)
  5 hogs (Snake:3)
  26 yaks
  A large abomination (Abyss:2)
  2 hungry ghosts
  2 vampire mosquitoes (D:13)
  Grum (D:10)
  A death yak simulacrum (IceCv)
  Edmund (D:4)
  A redback simulacrum (D:15)
  22 nagas
  5 wargs
  An acid dragon (D:13)
  3 hell hounds (D:15)
  3 soldier ants (D:12)
  5 porcupines
  15 water moccasins
  13 ice beasts
  44 orc warriors
  7 sky beasts
  A hornet zombie (D:15)
  An eye of draining (D:13)
  7 phantoms
  3 black bears
  A small abomination (Abyss:2)
  10 centaurs
  8 ogres
  8 wolves
  16 crocodiles
  3 big kobolds
  15 bullfrogs
  A gnoll sergeant (D:6)
  A wyvern zombie (D:13)
  8 scorpions
  3 wyvern skeletons
  2 wights (D:11)
  4 electric eels
  5 centaur zombies
  6 crimson imps
  3 jellies
  3 bullfrog zombies
  3 draconian simulacra (IceCv)
  A bullfrog skeleton (D:9)
  Crazy Yiuf (D:4)
  21 orc priests
  5 hounds
  2 centaur skeletons
  4 iguanas
  33 orc wizards
  Natasha (thrice) (D:3)
  15 worker ants
  4 hell rats (Lair:5)
  5 troll simulacra (IceCv)
  A spriggan simulacrum (IceCv)
  A polar bear simulacrum (IceCv)
  2 wolf simulacra (IceCv)
  5 centaur simulacra
  A hound zombie (D:3)
  2 hound skeletons
  A worker ant zombie (D:5)
  A howler monkey zombie (D:5)
  Robin (D:2)
  7 gnolls
  2 naga simulacra (IceCv)
  6 adders
  5 ogre simulacra (IceCv)
  5 shadow imps
  14 white imps
  An ufetubus (Abyss:2)
  An ooze (D:4)
  An adder zombie (D:6)
  5 worms
  A dart slug (D:1)
  5 leopard geckos
  114 orcs
  6 giant cockroaches
  19 goblins
  14 hobgoblins
  15 jackals
  A quokka (D:8)
  5 ball pythons
  11 bats
  8 frilled lizards
  2 jackal zombies (D:5)
  17 kobolds
  A leopard gecko zombie (D:5)
  4 rats
  2 fungi (D:6)
967 creatures vanquished.

Vanquished Creatures (collateral kills)
  4 nagarajas (Snake:4)
  A stone giant (Orc:1)
  An ettin (Orc:1)
  3 naga warriors (Snake:4)
  A hydra (D:11)
  2 two-headed ogres (D:14)
  2 anacondas (Snake:4)
  An orc high priest (Orc:2)
  2 naga sharpshooters (Snake:4)
  A shock serpent (Snake:4)
  Urug (D:10)
  A salamander mystic (Snake:4)
  3 lindwurms (Snake:4)
  3 naga ritualists (Snake:4)
  A necromancer (D:15)
  A mana viper (Snake:4)
  An ugly thing (D:14)
  A deep elf mage (D:14)
  A guardian serpent (shapeshifter) (D:11)
  3 black mambas
  A spiny frog (Lair:1)
  2 naga magi (Snake:4)
  A komodo dragon (Lair:1)
  A hippogriff (Lair:6)
  3 blink frogs (Lair:6)
  A yak (D:11)
  A fire elemental (D:15)
  2 humans (D:14)
  3 nagas (Snake:4)
  A hell hound (D:15)
  6 orc warriors (Orc:2)
  An ogre (D:11)
  A bullfrog (D:11)
  A wight (D:11)
  A hound (D:11)
  An orc priest (Orc:2)
  An orc wizard (Orc:2)
  12 orcs
74 creatures vanquished.

Vanquished Creatures (others)
  3 oklob plants (Snake:4)
  A black mamba (Snake:4)
  36 wandering mushrooms
  A naga (Snake:4)
  An orc wizard (D:9)
  A bush (Lair:6)
  27 fungi
  27 plants
  8 starspawn tentacles (Abyss:2)
  583 toadstools
688 creatures vanquished.

Grand Total: 1729 creatures vanquished

Notes
Turn   | Place    | Note
-------+----------+-------------------------------------------
     0 | D:1      | Principatus the Troll Warper began the quest for the Orb.
     0 | D:1      | Reached XP level 1. HP: 19/19 MP: 1/1
    88 | D:1      | Reached XP level 2. HP: 28/28 MP: 2/2
   247 | D:1      | Learned a level 2 spell: Blink
   291 | D:1      | Reached XP level 3. HP: 35/35 MP: 3/3
   337 | D:1      | Reached skill level 3 in Unarmed Combat
   936 | D:2      | Noticed Robin
  1005 | D:2      | Killed Robin
  1005 | D:2      | Reached XP level 4. HP: 36/44 MP: 4/4
  1160 | D:2      | Found a faded altar of an unknown god.
  1255 | D:2      | Found a sparkling altar of Nemelex Xobeh.
  1714 | D:3      | Reached skill level 4 in Unarmed Combat
  1877 | D:3      | Found a shattered altar of Ashenzari.
  1881 | D:3      | Reached XP level 5. HP: 52/52 MP: 5/5
  1959 | D:3      | Found a stormy altar of Qazlal.
  2023 | D:3      | Found an ancient bone altar of Kikubaaqudgha.
  2045 | D:3      | Noticed a sky beast
  2055 | D:3      | Killed a sky beast
  2055 | D:3      | Reached skill level 5 in Unarmed Combat
  2065 | D:3      | Noticed Natasha
  2070 | D:3      | Killed Natasha
  2070 | D:3      | Reached XP level 6. HP: 61/61 MP: 6/6
  2267 | D:3      | Found an opulent altar of Gozag.
  2369 | D:3      | Found a hide-covered altar of Uskayaw.
  2372 | D:3      | Found a glowing silver altar of Zin.
  2372 | D:3      | Found a shimmering altar of Xom.
  2372 | D:3      | Noticed Natasha
  2374 | D:3      | Found a sacrificial altar of Ru.
  2380 | D:3      | Killed Natasha
  2382 | D:3      | Found a hazy altar of Hepliaklqana.
  2598 | D:3      | Noticed Natasha
  2603 | D:3      | Killed Natasha
  2768 | D:4      | Noticed Cheet4h's ghost (novice DrBe)
  2818 | D:4      | Killed Cheet4h's ghost
  2818 | D:4      | Reached skill level 7 in Unarmed Combat
  2818 | D:4      | Reached XP level 7. HP: 21/71 MP: 7/7
  2930 | D:4      | Noticed Edmund
  2946 | D:4      | Killed Edmund
  3027 | D:4      | Found a runed door.
  3301 | D:4      | Reached XP level 8. HP: 79/79 MP: 8/8
  3709 | D:4      | Noticed Crazy Yiuf
  3717 | D:4      | Killed Crazy Yiuf
  3776 | D:5      | Entered Level 5 of the Dungeon
  3871 | D:5      | Reached skill level 8 in Unarmed Combat
  4140 | D:5      | Reached skill level 5 in Fighting
  4323 | D:5      | Reached skill level 9 in Unarmed Combat
  4453 | D:5      | Found a sparkling altar of Nemelex Xobeh.
  5043 | D:6      | Noticed Grinder
  5055 | D:6      | Killed Grinder
  5055 | D:6      | Reached XP level 9. HP: 83/89 MP: 9/9
  5090 | D:6      | Reached skill level 10 in Unarmed Combat
  5152 | D:6      | Noticed 8fpsbossfight's ghost (novice MiGl)
  5618 | D:6      | Found a shimmering altar of Xom.
  5618 | D:6      | Found a shimmering altar of Xom.
  5619 | D:6      | Found a shimmering altar of Xom.
  5626 | D:6      | Found a shimmering altar of Xom.
  5894 | D:6      | Found a bloodstained altar of Trog.
  6169 | D:7      | Learned a level 2 spell: Shroud of Golubria
  6186 | D:7      | Found a staircase to the Ecumenical Temple.
  6192 | Temple   | Entered the Ecumenical Temple
  6250 | Temple   | Became a worshipper of Fedhas Madash
  6538 | D:7      | Reached skill level 11 in Unarmed Combat
  6863 | D:7      | Found a stormy altar of Qazlal.
  6923 | D:8      | Noticed NixNut's ghost (novice TrMo)
  7146 | D:8      | Killed NixNut's ghost
  7146 | D:8      | Reached XP level 10. HP: 45/102 MP: 10/10
  7409 | D:8      | Found a white marble altar of Elyvilon.
  7806 | D:8      | Found a basalt altar of Yredelemnul.
  7852 | D:8      | Noticed a manticore
  7861 | D:8      | Killed a manticore
  8213 | D:9      | Reached skill level 12 in Unarmed Combat
  8370 | D:9      | Found a flagged portal.
  8396 | Bailey   | Entered a bailey
  8700 | Bailey   | Reached * piety under Fedhas
  8910 | Bailey   | Noticed an orc knight
  9330 | Bailey   | Killed an orc knight
  9330 | Bailey   | Reached skill level 1 in Invocations
  9378 | Bailey   | Found the +0 pair of fencer's gloves {+Riposte Dex+3}
  9423 | Bailey   | Noticed an orc knight
  9435 | Bailey   | Killed an orc knight
  9615 | D:9      | Found Iheiq's Food Shop.
  9718 | D:9      | Noticed a cyclops
  9901 | D:9      | Noticed a two-headed ogre
 10059 | D:9      | Paralysed by fainting for 10 turns
 10109 | D:9      | Found a staircase to the Orcish Mines.
 10618 | D:10     | Entered Level 10 of the Dungeon
 10647 | D:10     | Reached XP level 11. HP: 87/111 MP: 13/13
 10713 | D:10     | Reached ** piety under Fedhas
 10746 | D:10     | Noticed Grum
 10757 | D:10     | Killed Grum
 10800 | D:10     | Noticed a two-headed ogre
 10838 | D:10     | Killed a two-headed ogre
 10944 | D:10     | Noticed Nergalle
 10956 | D:10     | Killed Nergalle
 11119 | D:10     | Noticed Urug
 11134 | D:10     | Killed Urug
 11415 | D:11     | Found a staircase to the Lair.
 11618 | D:11     | Reached skill level 1 in Armour
 11655 | D:11     | Noticed a six-headed hydra
 11667 | D:11     | Killed a ten-headed hydra
 11803 | D:11     | Noticed an orb spider
 11804 | D:11     | Noticed an ogre mage
 11837 | D:11     | an orb spider changed into a guardian serpent
 11852 | D:11     | Killed an ogre mage
 11852 | D:11     | Reached skill level 5 in Translocations
 11868 | D:11     | Noticed a two-headed ogre
 11871 | D:11     | Noticed an eight-headed hydra
 11905 | D:11     | Killed a two-headed ogre
 11905 | D:11     | Reached skill level 13 in Unarmed Combat
 11925 | Lair:1   | Entered Level 1 of the Lair of Beasts
 11925 | Lair:1   | Noticed an eight-headed hydra
 11943 | Lair:1   | Killed a 12-headed hydra
 12751 | Lair:1   | Reached XP level 12. HP: 122/122 MP: 15/15
 12999 | Lair:2   | Noticed Harold
 13223 | Lair:2   | Reached skill level 5 in Invocations
 13489 | Lair:2   | Killed Harold
 14286 | Lair:3   | Noticed Gastronok
 14333 | Lair:3   | Killed Gastronok
 14426 | Lair:3   | Found a frozen archway.
 14504 | IceCv    | Entered an ice cave
 14655 | IceCv    | Reached skill level 5 in Armour
 14870 | IceCv    | Found an ancient bone altar of Kikubaaqudgha.
 14920 | IceCv    | Reached skill level 14 in Unarmed Combat
 15896 | Lair:3   | Reached XP level 13. HP: 131/133 MP: 17/17
 15961 | Lair:3   | Found a staircase to the Snake Pit.
 16279 | Lair:4   | Noticed Josephine
 16307 | Lair:4   | Killed Josephine
 16307 | Lair:4   | Reached skill level 10 in Fighting
 16647 | Lair:4   | Found a staircase to the Shoals.
 17843 | Lair:5   | Reached *** piety under Fedhas
 17932 | Lair:5   | Found a runed door.
 17932 | Lair:5   | Found a viscous altar of Jiyva.
 17935 | Lair:5   | Found a staircase to the Slime Pits.
 18519 | Lair:6   | Entered Level 6 of the Lair of Beasts
 19522 | Lair:6   | Reached XP level 14. HP: 136/144 MP: 19/19
 19644 | Lair:6   | Reached **** piety under Fedhas
 19797 | Lair:6   | Reached skill level 15 in Unarmed Combat
 21039 | D:11     | Got a colourful robe
 21052 | D:11     | Identified the +5 robe of the Cockatrice {*Drain Dex+5} (You found it on level 11 of the Dungeon)
 23649 | Orc:1    | Entered Level 1 of the Orcish Mines
 23649 | Orc:1    | Found a roughly hewn altar of Beogh.
 24422 | Orc:1    | Paralysed by an orc sorcerer for 3 turns
 24424 | Orc:1    | Noticed a stone giant
 24463 | Orc:1    | Noticed an orc warlord
 24484 | Orc:1    | Killed a stone giant
 24484 | Orc:1    | Reached skill level 10 in Invocations
 24797 | D:9      | Found a staircase to the Orcish Mines.
 25011 | D:9      | Found Iheiq's Food Shop.
 25723 | D:13     | Cast into level 2 of the Abyss (a wizard)
 25739 | Abyss:2  | Noticed a starcursed mass
 25778 | Abyss:2  | Found a corrupted altar of Lugonu.
 25883 | Abyss:2  | Reached XP level 15. HP: 117/156 MP: 21/21
 25950 | Abyss:2  | Noticed a tentacled starspawn
 26008 | D:13     | Escaped the Abyss
 26969 | Orc:1    | Killed an orc warlord
 27104 | Orc:1    | Noticed Erica
 27108 | Orc:1    | Killed Erica
 27237 | Orc:2    | Entered Level 2 of the Orcish Mines
 27237 | Orc:2    | Noticed an orc warlord
 27929 | Orc:2    | Reached skill level 16 in Unarmed Combat
 27956 | Orc:2    | Killed an orc warlord
 27980 | Orc:2    | Paralysed by an orc sorcerer for 4 turns
 28061 | Orc:2    | Found a staircase to the Elven Halls.
 28062 | Orc:2    | Noticed Geomchi's ghost (journeyman OpTm)
 28088 | Orc:2    | Killed Geomchi's ghost
 28247 | Orc:2    | Found Ramuzat's Antique Weapon Boutique.
 28722 | Orc:2    | Noticed an orc warlord
 28750 | Orc:2    | Killed an orc warlord
 29097 | Orc:2    | Found Vakhlap's General Store.
 29098 | Orc:2    | Found Luekieli's Jewellery Shoppe.
 29100 | Orc:2    | Found Vofu's Antique Armour Shoppe.
 29100 | Orc:2    | Found Igivant Sywa's Antique Weapon Emporium.
 29248 | Orc:2    | Reached ***** piety under Fedhas
 29379 | Orc:2    | Bought a scroll of identify for 28 gold pieces
 29618 | D:14     | Found a gate to the Vaults.
 30182 | D:15     | Entered Level 15 of the Dungeon
 30370 | D:15     | Found Nyrij's Antique Weapon Shoppe.
 30373 | D:15     | Noticed Azrael
 30411 | D:15     | Killed Azrael
 30411 | D:15     | Reached skill level 10 in Armour
 30876 | D:15     | Found a portal to a secret trove of treasure.
 30994 | D:15     | Reached XP level 16. HP: 167/167 MP: 23/23
 31099 | D:15     | Found a staircase to the Depths.
 31477 | Snake:1  | Entered Level 1 of the Snake Pit
 31480 | Lair:3   | Reached skill level 1 in Shields
 32658 | Snake:3  | Noticed Kirke
 32674 | Snake:3  | Killed Kirke
 32882 | Snake:3  | Noticed 8fpsbossfight's ghost (adept CeHu)
 32903 | Snake:3  | Killed 8fpsbossfight's ghost
 33464 | Snake:3  | Noticed Aizul
 33477 | Snake:3  | Killed Aizul
 33561 | Snake:3  | Noticed Donald
 33579 | Snake:3  | Killed Donald
 34241 | Snake:4  | Entered Level 4 of the Snake Pit
 34732 | Snake:4  | Reached skill level 5 in Shields
 35883 | Snake:4  | Reached skill level 17 in Unarmed Combat
 36029 | Snake:4  | Reached XP level 17. HP: 172/176 MP: 25/25
 37373 | Snake:4  | Killed from afar by a shock serpent

Vault maps used:
D:1:      dpeg_arrival_windows_large_door
D:2:      chequers_ecumenical_altar_simple_redux, nemelex_altar_shiori,
          uniq_robin
D:3:      kennysheep_big_flooded_room, ashenzari_altar_1,
          grunt_temple_overflow_open, kiku_gazebo_garden_becter,
          grunt_ministairs_15, minivault_27, hangedman_decor_diamond_cutter,
          nicolae_gozag_cash_rules_everything_around_me, uniq_natasha
D:4:      uniq_edmund, uniq_crazy_yiuf_cottage
D:5:      nicolae_overflow_crystal_walls, first_ration
D:6:      overflow_temple_1_default, minmay_gold_behind_fungi,
          supply_closet_lemuel, xom_redecorated, uniq_grinder
D:7:      temple_statues, nicolae_qazlal_eye_of_the_storm
D:8:      lemuel_crystal_altar, lemuel_crystal_altar
D:9:      david_orc_2, serial_shops, shop, enter_bailey_3
D:10:     uniq_urug, uniq_nergalle, uniq_grum
D:11:     minmay_bloctagon
D:12:     hangedman_pestilent_swarm
D:13:     minmay_distorted_concentric_squares
D:14:     david_vaults_3, nicolae_benzene_ring
D:15:     grunt_enter_depths_magical_seal, serial_shops, shop,
          corexii_corridor_pit, nicolae_trove_entry_crossroad, uniq_azrael
Temple:   cyrus_temple_forest
Lair:1:   serial_bayou_lake_a
Lair:2:   uniq_harold
Lair:3:   minmay_snake_entry_guardpost_medium, portal_ice_cave_rime,
          minivault_27, minmay_lair_oklob_bushes, st_stairs_13,
          infiniplex_staircase_pool_2, uniq_gastronok
Lair:4:   shoals_dummy_entry, beast_lair_carwin_4, uniq_josephine
Lair:5:   slime_altar_2
Lair:6:   grunt_lair_end_beastmaster, serial_bayou_pond_d,
          nicolae_quartered_pool_medium, grunt_forest_stairs_basic, minivault_27
Snake:2:  uniq_vashnia
Snake:3:  serial_bayou_shore_b, uniq_aizul, uniq_donald, uniq_kirke
Snake:4:  snake_pit_salamanders_mu, serial_bayou_shore_b
Orc:1:    basic_altar, uniq_erica
Orc:2:    st_orc_congregation, serial_shops, nicolae_shop_overgrown_old_shop,
          nicolae_orc_lava_tube
Bailey:   bailey_polearm_1, bailey
IceCv:    ice_cave_small_necro

Skill      XL: |  1  2  3  4  5  6  7  8  9 10 11 12 13 14 15 16 17 |
---------------+----------------------------------------------------+-----
Fighting       | 2 3 4 6 7 8 9 10 11 12 13 | 13.3
Unarmed Combat | 3 4 5 7 9 11 12 13 14 15 16 17 | 17.1
Translocations | 3 4 5 |  5.0
Spellcasting   | 2 3 |  3.0
Invocations    | 2 4 6 8 10 11 12 | 12.0
Armour         | 3 5 7 8 10 11 | 11.0
Dodging        | 2 |  2.1
Shields        | 5 6 |  6.9
Throwing       | |  0.8

Action                   |  1- 3 |  4- 6 |  7- 9 | 10-12 | 13-15 | 16-18 || total
-------------------------+-------+-------+-------+-------+-------+-------++-------
Melee: Unarmed           |   139 |   128 |   283 |   775 |  1643 |   640 ||  3608
       Punch             |     1 |     1 |    15 |    21 |    76 |    13 ||   127
       Hunting sling     |       |       |     2 |       |       |       ||     2
 Fire: Hunting sling     |     5 |    48 |    67 |   170 |     9 |       ||   299
Throw: Tomahawk          |       |     2 |     1 |    29 |    29 |     2 ||    63
 Cast: Shroud of Golubri |       |       |       |     2 |       |       ||     2
Invok: Fungal Bloom      |       |       |    21 |    42 |    80 |    17 ||   160
       Evolution         |       |       |       |    10 |    23 |    17 ||    50
       Growth            |       |       |       |       |     1 |     2 ||     3
       Rain              |       |       |       |       |       |     1 ||     1
 Abil: Evoke Flight      |       |       |       |     1 |       |       ||     1
Evoke: Wand              |       |       |       |    10 |    35 |     7 ||    52
       Lamp of fire      |       |       |       |       |     1 |     1 ||     2
  Use: Scroll            |       |     4 |     4 |    12 |    16 |     6 ||    42
       Potion            |       |     2 |     2 |     4 |    10 |     9 ||    27
 Stab: Sleeping          |       |     1 |     4 |       |       |       ||     5
       Confused          |       |       |       |     4 |    10 |     5 ||    19
       Distracted        |       |       |       |     1 |     1 |     2 ||     4
       Petrified         |       |       |       |       |     4 |       ||     4
       Paralysed         |       |       |       |       |     4 |       ||     4
  Eat: Chunk             |    14 |    17 |    36 |    66 |   129 |    28 ||   290
       Ration            |       |       |       |     3 |     6 |     9 ||    18
Armor: Robe              |    66 |    49 |    76 |    22 |       |       ||   213
       Gold dragon scale |       |       |       |   624 |  1345 |   446 ||  2415
Dodge: Dodged            |    85 |    57 |   106 |    90 |   206 |    60 ||   604
Block: Shield            |       |       |       |       |       |   176 ||   176
       Reflection        |       |       |       |       |       |    21 ||    21

Table legend:
 A = Spawn XP
 B = Non-spawn XP
 C = Spawn XP percentage of total XP
 D = Spawn monster count
 E = Non-spawn monster count
 F = Spawn count percentage of total count
 G = Total turns spent on level
                    A         B        C        D         E        F      G
               +---------+---------+-------+---------+---------+-------+---------
         Total |    1943 |  234172 |   0.8 |       8 |    1028 |   0.8 | 37373
               +---------+---------+-------+---------+---------+-------+---------
           D:1 |       0 |      59 |   0.0 |       0 |      35 |   0.0 |   713
           D:2 |       0 |      81 |   0.0 |       0 |      30 |   0.0 |   969
           D:3 |       0 |     471 |   0.0 |       0 |      37 |   0.0 |  1000
           D:4 |       0 |     926 |   0.0 |       0 |      10 |   0.0 |  1094
           D:5 |       0 |    1199 |   0.0 |       0 |      30 |   0.0 |  1447
           D:6 |       0 |    1030 |   0.0 |       0 |      14 |   0.0 |   888
           D:7 |       0 |    1271 |   0.0 |       0 |      15 |   0.0 |   776
           D:8 |       0 |    2159 |   0.0 |       0 |      21 |   0.0 |  1207
           D:9 |       0 |    3699 |   0.0 |       0 |      58 |   0.0 |  2613
          D:10 |       0 |    4007 |   0.0 |       0 |      32 |   0.0 |   908
          D:11 |       0 |    9462 |   0.0 |       0 |      40 |   0.0 |  1687
          D:12 |       0 |    6109 |   0.0 |       0 |      36 |   0.0 |  1351
          D:13 |       0 |    7654 |   0.0 |       0 |      31 |   0.0 |   917
          D:14 |       0 |   14069 |   0.0 |       0 |      39 |   0.0 |  1057
          D:15 |       0 |   11298 |   0.0 |       0 |      34 |   0.0 |  1150
        Lair:1 |       0 |    3421 |   0.0 |       0 |      15 |   0.0 |  1130
        Lair:2 |       0 |    2039 |   0.0 |       0 |       6 |   0.0 |   822
        Lair:3 |       0 |    9208 |   0.0 |       0 |      33 |   0.0 |  1224
        Lair:4 |       0 |   12639 |   0.0 |       0 |      41 |   0.0 |  1403
        Lair:5 |       0 |    5679 |   0.0 |       0 |      30 |   0.0 |   974
        Lair:6 |       0 |   19407 |   0.0 |       0 |      55 |   0.0 |  2247
       Snake:1 |       0 |    8766 |   0.0 |       0 |      16 |   0.0 |   858
       Snake:2 |       0 |    4172 |   0.0 |       0 |       8 |   0.0 |   312
       Snake:3 |       0 |   19384 |   0.0 |       0 |      26 |   0.0 |  1610
       Snake:4 |       0 |   48045 |   0.0 |       0 |      94 |   0.0 |  3109
         Orc:1 |       0 |    9757 |   0.0 |       0 |      51 |   0.0 |  1535
         Orc:2 |       0 |   16467 |   0.0 |       0 |     112 |   0.0 |  1626
       Abyss:2 |    1943 |    3702 |  34.4 |       8 |       6 |  57.1 |   285
        Bailey |       0 |    2082 |   0.0 |       0 |      19 |   0.0 |  1152
         IceCv |       0 |    5910 |   0.0 |       0 |      54 |   0.0 |  1219
               +---------+---------+-------+---------+---------+-------+---------
